 Dungeon Crawl Stone Soup version 0.24.0-13-gcf9b319 (webtiles) character file.

Game seed: 12205745473475106987, levelgen mode: deterministic

5860 jitdev the Slinger (level 11, -3/71 HPs)
             Began as a Halfling Hunter on Mar 13, 2020.
             Was an Elder of Dithmenos.
             Slain by a hornet (14 damage)
             ... while paralysed by a hornet
             ... on level 8 of the Dungeon on Mar 16, 2020.
             The game lasted 02:02:14 (13772 turns).

jitdev the Slinger (Halfling Hunter)               Turns: 13772, Time: 02:02:16

Health: -3/71      AC:  9    Str: 13    XL:     11   Next: 7%
Magic:  11/11      EV:  3    Int:  9    God:    Dithmenos [****..]
Gold:   697        SH:  0    Dex: 19    Spells: 10/10 levels left

rFire    . . .     SeeInvis .   b - +2 dagger (flame)
rCold    . . .     Gourm    .   (shield restricted)
rNeg     . . .     Faith    .   h - +0 ring mail
rPois    .         Spirit   .   l - +0 helmet
rElec    .         Reflect  .   y - +0 cloak
rCorr    +         Harm     .   j - +0 pair of gloves
MR       +....                  (no boots)
Stlth    ++++......             (no amulet)
HPRegen  0.21/turn              g - ring of protection from magic
MPRegen  0.12/turn              r - ring of resist corrosion

@: paralysed, lethally poisoned (-3 -> -7), wreathed by umbra
A: small, mutation resistance 1
a: Shadow Step, Renounce Religion


You were on level 8 of the Dungeon.
You worshipped Dithmenos.
Dithmenos was greatly pleased with you.
You were not hungry.

You visited 1 branch of the dungeon, and saw 9 of its levels.

You collected 697 gold pieces.

Inventory:

Hand Weapons
 a - a +1 hunting sling
 b - a +2 dagger of flaming (weapon)
 L - a +2 quarterstaff of chaos
 U - a +0 vampiric halberd
Missiles
 n - 57 poisoned darts
 s - 32 stones (quivered)
 w - 3 throwing nets
 x - 10 atropa-tipped darts
 Q - 2 boomerangs
Armour
 h - a +0 ring mail (worn)
 j - a +0 pair of gloves (worn)
 l - a +0 helmet (worn)
 y - a +0 cloak (worn)
Jewellery
 g - a ring of protection from magic (left hand)
 i - an uncursed ring of flight
 k - an uncursed ring of fire {unknown}
 r - a ring of resist corrosion (right hand)
 C - a +5 ring of intelligence
 N - an uncursed amulet of magic regeneration
 S - an uncursed ring of resist corrosion
Wands
 c - a wand of disintegration (25)
 e - a wand of flame (23)
 E - a wand of random effects (23)
 O - a wand of acid (11)
Scrolls
 m - 9 scrolls of remove curse
 o - a scroll of random uselessness {unknown}
 q - a scroll of noise {unknown}
 u - 2 scrolls of enchant weapon {unknown}
 v - 2 scrolls of magic mapping
 G - 2 scrolls of teleportation
 H - 2 scrolls of enchant armour {unknown}
 J - 2 scrolls of immolation {unknown}
 K - a scroll of acquirement {unknown}
 T - a scroll of blinking {unknown}
 X - a scroll of vulnerability {unknown}
 Y - a scroll of fog {unknown}
Potions
 d - a potion of invisibility
 f - a potion of lignification {unknown}
 p - a potion of flight
 z - 2 potions of berserk rage
 A - a potion of ambrosia
 B - 2 potions of agility {unknown}
 D - a potion of cancellation {unknown}
 R - a potion of heal wounds {unknown}
 V - a potion of might {unknown}
Comestibles
 F - 14 rations


   Skills:
 - Level 5.1 Fighting
 - Level 5.0 Short Blades
 + Level 13.8(14.3) Slings
 + Level 4.4(7.9) Throwing
 - Level 5.0 Armour
 - Level 8.1 Dodging
 * Level 5.7 Stealth


You had 10 spell levels left.
You didn't know any spells.
Your spell library contained the following spells:

 Spells                   Type           Power        Failure   Level  Hunger
 Confusing Touch          Hex            #.....       63%         1    ##.....
 Confuse                  Hex            #.......     94%         3    ####...
 Gell's Gravitas          Tloc           #.........   94%         3    ####...
 Ice Form                 Ice/Tmut       #.......     100%        4    #####..
 Petrify                  Tmut/Erth      #.......     100%        4    #####..
 Metabolic Englaciation   Hex/Ice        #.........   100%        5    ######.
 Yara's Violent Unravell  Hex/Tmut       #.........   100%        5    ######.
 Bolt of Cold             Conj/Ice       #.........   100%        6    #######
 Freezing Cloud           Conj/Ice/Air   #.........   100%        6    #######
 Ozocubu's Refrigeration  Ice            #.........   100%        6    #######
 Simulacrum               Ice/Necr       #.........   100%        6    #######


Dungeon Overview and Level Annotations

Branches:
Dungeon (9/15)             Temple (0/1) D:4            Lair (0/6) D:8
    Orc: D:9-12

Altars:
Dithmenos
Elyvilon
Fedhas
Gozag
Nemelex Xobeh
Qazlal
Sif Muna
Wu Jian

Annotations:
D:9 Morgon's ghost, novice TrAM


Innate Abilities, Weirdness & Mutations

You are small and have problems with some larger weapons.
You are somewhat resistant to further mutation.


Message History

You hit the hornet but do no damage.
The hornet is moderately wounded.
You feel sick. The hornet barely misses you.
You barely miss the hornet.
The hornet is moderately wounded.
The hornet completely misses you.
You closely miss the hornet.
The hornet is moderately wounded.
You feel sick.
The hornet stings you but does no damage.
You hit the hornet but do no damage.
The hornet is moderately wounded.
The hornet stings you!
You feel yourself slow down.
You hit the hornet. You burn the hornet.
The hornet is heavily wounded.
You feel yourself speed up.
You feel sick. The hornet stings you!
* * * LOW HITPOINT WARNING * * *
You suddenly lose the ability to move!
The hornet stings you!
You die...

##...#.##...#.#..##.
#................##.
##...##..........##.
#.>.##....#.<.....##
##..[>(####........#
##......#....#......
##...........##......
#######.....)......###.###.
#........y@............##..
#..####..)####.[<..^.......
#.##.........##...........#
#.##.........##..........##
#.##.........##.>.......##.
#.##.........##.........##.
#.#####...#####.....##..##.
#.##..'...'..##....####..#†
##.##..'...'..##...##..'....


You could see a hornet.

Vanquished Creatures
  A two-headed ogre (D:7)
  Pikel (D:9)
  A komodo dragon (D:8)
  Grinder (D:5)
  Sigmund (D:2)
  A spriggan (D:9)
  Eustachio (D:5)
  A hungry ghost (D:7)
  Grum (D:8)
  Menkaure (D:7)
  An ice beast (D:6)
  2 orc warriors
  A black bear (D:5)
  An ogre (D:7)
  3 wolves
  5 bullfrogs
  A big kobold (D:9)
  3 gnoll sergeants
  3 scorpions
  3 wights (D:9)
  3 howler monkeys
  2 crimson imps
  A bullfrog zombie (D:6)
  A gnoll shaman (D:8)
  A jelly (D:5)
  4 orc priests
  16 hounds
  Crazy Yiuf (D:7)
  2 bullfrog skeletons
  Ijyb (D:3)
  6 orc wizards
  Terence (D:2)
  2 iguanas
  12 worker ants
  2 hound zombies
  A howler monkey zombie (D:5)
  15 gnolls
  6 adders
  A shadow imp (D:5)
  2 adder skeletons
  5 worms
  2 dart slugs (D:1)
  9 leopard geckos
  37 orcs
  6 bats
  7 giant cockroaches
  8 goblins
  5 hobgoblins
  16 jackals
  7 kobolds
  3 quokkas
  3 ball pythons
  5 frilled lizards
  A leopard gecko skeleton (D:5)
  2 leopard gecko zombies (D:5)
  A quokka skeleton (D:5)
  8 rats
238 creatures vanquished.

Vanquished Creatures (others)
  2 plants (D:8)
2 creatures vanquished.

Grand Total: 240 creatures vanquished

Notes
Turn   | Place    | Note
-------+----------+-------------------------------------------
     0 | D:1      | jitdev the Halfling Hunter began the quest for the Orb.
     0 | D:1      | Reached XP level 1. HP: 14/14 MP: 1/1
    38 | D:1      | Reached skill level 6 in Slings
    69 | D:1      | Reached XP level 2. HP: 19/19 MP: 2/2
   379 | D:1      | Reached skill level 7 in Slings
   379 | D:1      | Reached XP level 3. HP: 21/24 MP: 3/3
   954 | D:2      | Noticed Terence
   970 | D:2      | Killed Terence
   970 | D:2      | Reached XP level 4. HP: 24/29 MP: 4/4
  1185 | D:2      | Reached skill level 8 in Slings
  1383 | D:2      | Noticed Sigmund
  1471 | D:2      | Killed Sigmund
  1471 | D:2      | Reached skill level 10 in Slings
  1471 | D:2      | Reached XP level 5. HP: 18/34 MP: 5/5
  1471 | D:2      | Reached XP level 6. HP: 21/39 MP: 6/6
  2172 | D:2      | Found a sparkling altar of Nemelex Xobeh.
  2305 | D:3      | Found a shimmering blue altar of Sif Muna.
  2314 | D:3      | Found a shadowy altar of Dithmenos.
  2317 | D:3      | Became a worshipper of Dithmenos the Shadowed
  2433 | D:3      | Noticed an air elemental
  2435 | D:3      | Noticed Ijyb
  2728 | D:3      | Killed Ijyb
  3112 | D:3      | Found a stormy altar of Qazlal.
  3127 | D:3      | Noticed a water elemental
  3128 | D:3      | Noticed a fire elemental
  3937 | D:3      | Reached * piety under Dithmenos
  3937 | D:3      | Reached skill level 11 in Slings
  3937 | D:3      | Reached XP level 7. HP: 37/44 MP: 7/7
  4575 | D:4      | Found a staircase to the Ecumenical Temple.
  4852 | D:4      | Reached ** piety under Dithmenos
  4852 | D:4      | Reached skill level 12 in Slings
  4939 | D:4      | Found a white marble altar of Elyvilon.
  5201 | D:5      | Entered Level 5 of the Dungeon
  5258 | D:5      | Noticed Grinder
  5273 | D:5      | Paralysed by Grinder for 7 turns
  5320 | D:5      | Killed Grinder
  5320 | D:5      | Reached XP level 8. HP: 23/51 MP: 8/8
  5941 | D:5      | Reached skill level 5 in Dodging
  6058 | D:5      | Noticed Eustachio
  6078 | D:5      | Killed Eustachio
  6279 | D:5      | Found an ornate altar of the Wu Jian Council.
  6559 | D:6      | Reached XP level 9. HP: 58/58 MP: 9/9
  7606 | D:6      | Reached *** piety under Dithmenos
  8514 | D:7      | Noticed Menkaure
  8523 | D:7      | Killed Menkaure
  8523 | D:7      | Reached skill level 5 in Fighting
  8523 | D:7      | Reached skill level 1 in Short Blades
  8813 | D:7      | Reached skill level 1 in Throwing
  9091 | D:7      | Got a blackened leather armour
  9287 | D:7      | Found a runed translucent door.
  9288 | D:7      | Noticed Crazy Yiuf
  9303 | D:7      | Killed Crazy Yiuf
  9313 | D:7      | Identified the cursed +1 leather armour of Inaction {rPois
                  | rC- rCorr} (You found it on level 7 of the Dungeon)
  9430 | D:7      | Reached skill level 1 in Armour
  9431 | D:7      | Reached XP level 10. HP: 26/66 MP: 10/10
  9645 | D:8      | Noticed a two-headed ogre
  9709 | D:7      | Reached **** piety under Dithmenos
  9729 | D:7      | Reached skill level 5 in Short Blades
  9916 | D:7      | Killed a two-headed ogre
 10157 | D:7      | Reached skill level 13 in Slings
 10431 | D:7      | Reached skill level 5 in Armour
 10922 | D:8      | Noticed Grum
 10944 | D:8      | Killed Grum
 11170 | D:8      | Found a blossoming altar of Fedhas.
 11183 | D:8      | Found a staircase to the Lair.
 11184 | D:8      | Noticed a komodo dragon
 11221 | D:8      | Killed a komodo dragon
 11616 | D:9      | Noticed Pikel
 12018 | D:9      | Killed Pikel
 12098 | D:9      | Reached skill level 5 in Stealth
 12249 | D:9      | Reached XP level 11. HP: 67/71 MP: 11/11
 12973 | D:9      | Found a runed translucent gate.
 12973 | D:9      | Found a runed translucent gate.
 12973 | D:9      | Found an opulent altar of Gozag.
 12974 | D:9      | Found a runed translucent gate.
 12974 | D:9      | Noticed Morgon's ghost (novice TrAM)
 12978 | D:9      | Paralysed by a hornet for 2 turns
 13772 | D:8      | Paralysed by a hornet for 1 turns
 13772 | D:8      | Slain by a hornet

Levels and vault maps discovered:
D:1:      minmay_arrival_open_corners, layout_basic, hangedman_decor_growths
D:2:      layout_basic, overflow_temple_1_default, uniq_terence, uniq_sigmund
D:3:      layout_rooms, nicolae_qazlal_style_of_elements,
          amethyst_overflow_temple_binary, portal_sewer_entry_f,
          grunt_ministairs_12, minmay_divided_ellipse, uniq_ijyb
D:4:      layout_rooms, minmay_temple_entry_proselytizer,
          minmay_misc_feat_roman, small_statue_intersection,
          hangedman_glass_teeth, elyvilon_altar_3
D:5:      layout_loops_ring, marbit_many_paths, first_ration, uniq_eustachio,
          uniq_grinder
D:6:      layout_basic, serial_rivers, chequers_serial_rivers_micro_e,
          chequers_serial_rivers_room_b, chequers_serial_rivers_small_3,
          chequers_serial_rivers_marsh, chequers_serial_rivers_micro_c
D:7:      layout_rooms, uniq_menkaure, uniq_crazy_yiuf_cottage
D:8:      layout_cave_pools, fedhas_altar_2, david_lair_shrubbed,
          serial_gnoll_camp, gnoll_camp_medium_02, grums_kennel,
          gnoll_camp_mini_basic, gnoll_camp_mini_hut, gnoll_camp_mini_house,
          gnoll_camp_mini_loothouse
D:9:      layout_loops_cross, serial_rivers, chequers_serial_rivers_micro_c,
          chequers_serial_rivers_room_a, chequers_serial_rivers_large_b,
          chequers_serial_rivers_micro_a, chequers_serial_rivers_room_b,
          ebering_ghost_gozag, the_bakery, uniq_pikel

Skill      XL: |  1  2  3  4  5  6  7  8  9 10 |
---------------+-------------------------------+-----
Slings         | 6 7 10 11 12 13 | 13.8
Fighting       | 2 4 5 |  5.1
Dodging        | 4 6 8 |  8.1
Short Blades   | 4 5 |  5.0
Throwing       | 2 4 |  4.4
Armour         | 1 5 |  5.0
Stealth        | 5 |  5.7

Action                   |  1- 3 |  4- 6 |  7- 9 | 10-12 || total
-------------------------+-------+-------+-------+-------++-------
Melee: Dagger            |       |    19 |       |    41 ||    60
       Hunting sling     |       |       |       |     2 ||     2
 Fire: Hunting sling     |    65 |   136 |   645 |   489 ||  1335
Throw: Dart              |     4 |     7 |    34 |    25 ||    70
Invok: Shadow Step       |       |       |       |     1 ||     1
  Use: Potion            |       |     4 |     1 |     4 ||     9
       Scroll            |       |     1 |     7 |     4 ||    12
  Eat: Ration            |       |     3 |     5 |     3 ||    11
       Chunk             |       |       |       |     1 ||     1
Armor: Leather armour    |     2 |       |       |       ||     2
       Ring mail         |       |    16 |    40 |    37 ||    93
Dodge: Dodged            |     7 |    33 |   165 |   279 ||   484
